AoeStats
← bosmang

Arabian Desert

509131929Analyzed
1v1 RM · 6d ago on Sep 25, 2026· 49m 14s· 2 players
Game mode
Random Map
Map size
Tiny (2 player)
Population
200
Speed
Normal
Resources
Standard
Victory
Conquest
Starting age
Dark Age
Ending age
Imperial Age
RankedLock teamsTeams togetherTeam positionsShared explorationLock speedFull tech treeHidden civsTurbo modeCheats
Victory
Defeat
🇩🇪 Mongols · Germany
1105
+14
🇵🇱 Khmer · Poland
1069
-14
...1
10:50 Feudal Age
14:12 Castle Age
12:47 Loom
13:09 Double-Bit Axe
14:07 Horse Collar
16:53 Gold Mining
23:25 Bow Saw
24:42 Husbandry
25:55 Bloodlines
27:47 Heavy Plow
33:09 Imperial Age
32:44 Wheelbarrow
34:53 Hand Cart
34:06 Cavalier
35:26 Gold Shaft Mining
37:11 Crop Rotation
37:41 Ballistics
37:28 Siege Engineers
37:33 Heavy Scorpion
40:39 Chemistry
39:53 Forging
39:48 Scale Barding Armor
41:08 Iron Casting
41:46 Chain Barding Armor
45:14 Blast Furnace
44:50 Plate Barding Armor
bosmang
2:13 Loom
10:38 Feudal Age
11:10 Double-Bit Axe
12:31 Town Watch
15:52 Castle Age
16:46 Bow Saw
18:30 Horse Collar
19:47 Forging
20:34 Heavy Plow
22:15 Bloodlines
22:47 Husbandry
23:03 Gold Mining
24:41 Wheelbarrow
25:56 Scale Mail Armor
26:01 Scale Barding Armor
28:10 Gold Shaft Mining
28:56 Devotion
30:08 Hand Cart
29:39 Town Watch
30:53 Iron Casting
32:23 Chain Barding Armor
34:04 Town Patrol
40:32 Imperial Age
39:14 Fletching
39:24 Padded Archer Armor
40:00 Stone Mining
41:42 Stone Shaft Mining
42:24 Blast Furnace
40:49 Heavy Camel Rider
42:09 Parthian Tactics
41:44 Bodkin Arrow
42:38 Hoardings
43:58 Bracer
45:05 Conscription
Connection lost

Rejoining the realm…

Still unreachable

The connection could not be restored.

Session expired

The server has moved on; the page needs a fresh start.